AoeStats
← Iam_MuRaT

Arabia

509631628Analyzed
1v1 RM · 5d ago on Sep 27, 2026· 49m 47s· 2 players
Game mode
Random Map
Map size
Tiny (2 player)
Population
200
Speed
Normal
Resources
Standard
Victory
Conquest
Starting age
Dark Age
Ending age
Imperial Age
RankedLock teamsTeams togetherTeam positionsShared explorationLock speedFull tech treeHidden civsTurbo modeCheats
Victory
Defeat
🇹🇼 Malay · Taiwan
1385
+16
🇹🇷 Tatars · Türkiye
1380
-16
Iam_MuRaT
5:49 Loom
6:39 Loom
9:15 Feudal Age
10:50 Double-Bit Axe
13:10 Fletching
18:07 Wheelbarrow
22:24 Castle Age
21:11 Padded Archer Armor
22:10 Forging
22:26 Gold Mining
22:18 Horse Collar
22:27 Crossbowman
23:03 Bodkin Arrow
25:57 Bloodlines
26:04 Leather Archer Armor
31:02 Bow Saw
31:28 Forging
31:24 Light Cavalry
32:41 Town Watch
36:51 Hand Cart
37:19 Heavy Plow
41:53 Imperial Age
40:28 Ballistics
41:33 Gold Shaft Mining
40:53 Stone Mining
41:14 Husbandry
43:36 Chemistry
42:37 Bracer
44:48 Light Cavalry
46:44 Conscription
47:02 Ring Archer Armor
46:38 Scale Barding Armor
47:57 Iron Casting
FunKyeAoE
8:30 Loom
10:52 Feudal Age
9:25 Loom
11:36 Double-Bit Axe
12:10 Fletching
12:12 Horse Collar
13:10 Man-at-Arms
17:44 Padded Archer Armor
21:20 Castle Age
21:05 Thumb Ring
20:20 Crossbowman
21:15 Bow Saw
22:05 Wheelbarrow
21:16 Town Watch
22:59 Bodkin Arrow
23:16 Town Watch
23:36 Elite Skirmisher
25:00 Ballistics
25:38 Leather Archer Armor
33:54 Stone Mining
36:39 Imperial Age
35:23 Hand Cart
36:00 Forging
36:19 Thumb Ring
36:31 Thumb Ring
35:47 Arbalester
36:50 Heavy Plow
37:35 Bracer
39:43 Chemistry
39:40 Ring Archer Armor
40:42 Gold Mining
40:43 Stone Mining
41:54 Iron Casting
42:08 Masonry
42:54 Conscription
42:49 Masonry
43:57 Blast Furnace
42:22 Elite Karambit Warrior
43:29 Squires
43:15 Arson
45:46 Siege Engineers
48:58 Crop Rotation
Connection lost

Rejoining the realm…

Still unreachable

The connection could not be restored.

Session expired

The server has moved on; the page needs a fresh start.